 Dungeon Crawl Stone Soup version 0.21-a0-81-gc5150db (webtiles) character file.

1128 shitimlost the Vandal (level 8, -10/96 HPs)
             Began as a Formicid Hunter on June 23, 2017.
             Was an Initiate of Gozag.
             Killed from afar by a starcursed mass (13 damage)
             ... with an accursed screaming
             ... on level 2 of the Abyss.
             The game lasted 00:15:54 (6031 turns).

shitimlost the Vandal (Formicid Hunter)             Turns: 6031, Time: 00:15:55

Health: -10/96     AC: 24    Str: 28    XL:     8   Next: 62%
Magic:  8/8        EV:  2    Int: 12    God:    Gozag
Gold:   620        SH:  0    Dex: 15    Spells: 7/7 levels left

rFire    . . .     SeeInvis .   k - +0 hand axe (freeze)
rCold    . . .     Gourm    .   (no shield)
rNeg     + + +     Faith    +   (armour currently unavailable)
rPois    +         Spirit   .   (helmet unavailable)
rElec    .         Reflect  .   (cloak currently unavailable)
rCorr    .         Harm     .   (gloves currently unavailable)
MR       .....                  (boots currently unavailable)
Stlth    ++........             p - amulet of faith
HPRegen  0.26/turn              r - +5 ring of strength
MPRegen  0.11/turn              s - +4 ring of dexterity

@: mighty, tree-form (expiring), glowing
A: permanent stasis, dig shafts and tunnels, four strong arms
a: Potion Petition, Call Merchant, Bribe Branch, Renounce Religion


You were on level 2 of the Abyss.
You worshipped Gozag.
Gozag was pleased with you.
You were hungry.
You were a tree.
You visited 1 branch of the dungeon, and saw 5 of its levels.
You visited the Abyss 1 time.

You collected 666 gold pieces.
You paid 46 gold pieces to Gozag.

Inventory:

Hand Weapons
 a - a +5 hunting sling
 b - a +0 short sword
 g - a +0 rapier
 k - a +0 hand axe of freezing (weapon)
Missiles
 d - 14 sling bullets
 e - 190 stones (quivered)
 v - 7 javelins
Armour
 c - a +0 leather armour (melded)
 u - a +1 pair of gloves (melded)
Jewellery
 p - an amulet of faith (around neck)
 r - a +5 ring of strength (left branch)
 s - a +4 ring of dexterity (right branch)
 w - an uncursed ring of ice
 x - an uncursed ring of wizardry
 B - an uncursed ring of teleportation
 F - a +2 ring of evasion
Wands
 D - a wand of acid (1/15)
Scrolls
 l - a scroll of enchant armour
 n - 3 scrolls of magic mapping {unknown}
 t - a scroll of random uselessness {unknown}
 y - 2 scrolls of remove curse
 A - a scroll of noise {unknown}
 C - a scroll of recharging {unknown}
 E - a scroll of blinking {unknown}
 G - a scroll of identify
Potions
 j - 2 potions of curing
 q - 2 potions of flight
 z - 2 potions of ambrosia
Comestibles
 f - 2 bread rations
 m - a meat ration


   Skills:
 + Level 6.0 Fighting
 + Level 7.1 Slings
 - Level 4.2 Dodging
 - Level 5.9 Stealth


You had 7 spell levels left.
You didn't know any spells.

Dungeon Overview and Level Annotations

Branches:
Dungeon (5/15)
 Temple: D:4-7

Altars:
Cheibriados
Fedhas
Gozag
Qazlal
The Shining One

Annotations:
D:5 tehllama's ghost, novice GrEE


Innate Abilities, Weirdness & Mutations

You cannot be hasted, slowed, berserked, paralysed or teleported.
You can dig through walls and to a lower floor.
Your four strong arms can wield two-handed weapons with a shield.
((You have a pair of large antennae on your head. (SInv)))


Message History

The starcursed mass shudders and withdraws towards its neighbour. x3
The starcursed mass engulfs you.
* * * LOW HITPOINT WARNING * * *
The starcursed mass engulfs you but does no damage.
A deafening chorus of shrieks assaults your mind!
* * * LOW HITPOINT WARNING * * *
The daeva calls down the wrath of the Shining One upon you.
The Shining One smites you!
* * * LOW HITPOINT WARNING * * *
Throwing (i - inventory. (,) - cycle):
e - 190 stones (quivered)
Press: ? - help, Shift-Dir - straight line, p - daeva
Okay, then.
The daeva blocks your attack.
The daeva is lightly wounded.
You hit the starcursed mass. You freeze the starcursed mass.
The starcursed mass shudders and is absorbed by its neighbour.
You completely miss the starcursed mass.
A deafening chorus of shrieks assaults your mind!
You die...
Your body crumbles into a pile of gold.

. # . . .#
##. .##
.##.. ...#
##..##....
. ..
.........
.# ..
#........
. ...
##♣#.# ..
###.AXX#
..
#(X##XXX.#
#. #.###
#.#. #. #(
.. ### #
..## . ..
..###
#...#. ##
. .## .#


You could see 6 starcursed masses and a daeva.

Vanquished Creatures
  Grinder (D:3)
  Sigmund (D:3)
  Edmund (D:5)
  A phantom (D:4)
  An ogre (D:4)
  A bullfrog zombie (D:5)
  A hound (D:5)
  A jelly (D:4)
  3 orc wizards
  An iguana (D:5)
  A worker ant (D:4)
  A hound skeleton (D:4)
  Robin (D:3)
  7 gnolls
  6 adders
  2 oozes
  4 worms
  3 dart slugs
  7 leopard geckos
  9 orcs
  A giant cockroach (D:1)
  16 goblins
  5 hobgoblins
  7 jackals
  3 quokkas
  5 bats
  3 frilled lizards
  8 kobolds
  6 rats
107 creatures vanquished.

Notes
Turn   | Place    | Note
-------+----------+-------------------------------------------
     0 | D:1      | shitimlost the Formicid Hunter began the quest for the Orb.
     0 | D:1      | Reached XP level 1. HP: 16/16 MP: 1/1
   135 | D:1      | Reached XP level 2. HP: 23/23 MP: 2/2
   599 | D:2      | Reached XP level 3. HP: 16/28 MP: 3/3
  1254 | D:2      | Found a snail-covered altar of Cheibriados.
  1934 | D:2      | Found a glowing golden altar of the Shining One.
  1972 | D:2      | Reached XP level 4. HP: 26/34 MP: 4/4
  2308 | D:3      | Noticed Sigmund
  2324 | D:3      | HP: 1/34 [Sigmund/puff of flame (10)]
  2326 | D:3      | Noticed Grinder
  2329 | D:3      | Killed Sigmund
  2329 | D:3      | Reached skill level 5 in Slings
  2329 | D:3      | Reached XP level 5. HP: 2/41 MP: 5/5
  2329 | D:3      | Reached XP level 6. HP: 2/47 MP: 6/6
  2835 | D:3      | Killed Grinder
  2835 | D:3      | Reached XP level 7. HP: 45/53 MP: 7/7
  2997 | D:3      | Reached skill level 5 in Stealth
  3043 | D:3      | Found an opulent altar of Gozag.
  3077 | D:3      | Became a worshipper of Gozag Ym Sagoz the Greedy
  3307 | D:3      | Noticed Robin
  3320 | D:3      | Killed Robin
  3548 | D:4      | Reached skill level 6 in Slings
  3695 | D:4      | Reached XP level 8. HP: 54/61 MP: 8/8
  3930 | D:4      | Reached skill level 5 in Fighting
  4503 | D:4      | Found a stormy altar of Qazlal.
  4939 | D:4      | Found a blossoming altar of Fedhas.
  5036 | D:5      | Entered Level 5 of the Dungeon
  5198 | D:5      | Noticed Edmund
  5201 | D:5      | Noticed tehllama's ghost (novice GrEE)
  5214 | D:5      | Killed Edmund
  5214 | D:5      | Reached skill level 7 in Slings
  5943 | D:5      | Cast into level 2 of the Abyss (a distortion unwield)
  5988 | Abyss:2  | Noticed a starcursed mass
  5998 | Abyss:2  | Noticed a daeva
  6015 | Abyss:2  | Noticed a starcursed mass
  6030 | Abyss:2  | HP: 3/96 [daeva/divine providence (13)]
  6031 | Abyss:2  | Killed from afar by a starcursed mass

Vault maps used:
D:1:      onia_arrival_mini_maze_b, minmay_misc_feat_enclosed,
          minmay_heptomino_l4
D:2:      kennysheep_slug_shrine, nicolae_tso_swordbearing_angel
D:3:      nicolae_gozag_cash_rules_everything_around_me, first_bread,
          uniq_robin, uniq_sigmund, uniq_grinder
D:4:      fedhas_altar_3, nicolae_qazlal_general_emergency
D:5:      wad_crossroads, nicolae_overflow_crystal_walls, uniq_edmund

Skill      XL: |  1  2  3  4  5  6  7  8 |
---------------+-------------------------+-----
Dodging        | 2 3 4 |  4.2
Stealth        | 2 4 5 |  5.9
Fighting       | 3 4 6 |  6.0
Slings         | 5 6 7 |  7.1

Action                   |  1- 3 |  4- 6 |  7- 9 || total
-------------------------+-------+-------+-------++-------
Melee: Short sword       |       |       |    13 ||    13
       Hand axe          |       |       |     2 ||     2
 Fire: Hunting sling     |   110 |    44 |   254 ||   408
Invok: Potion Petition   |       |       |     1 ||     1
 Abil: Dig               |       |     1 |     1 ||     2
Evoke: Wand              |       |       |     1 ||     1
  Use: Scroll            |       |     3 |     9 ||    12
       Potion            |       |     1 |     4 ||     5
  Eat: Chunk             |     2 |     1 |       ||     3
       Royal jelly       |       |     1 |       ||     1
       Meat ration       |       |     1 |     1 ||     2
Armor: Leather armour    |    10 |     5 |    17 ||    32
       Skin              |       |       |    24 ||    24
Dodge: Dodged            |    24 |     7 |    58 ||    89
